 Dungeon Crawl Stone Soup version 0.22.0 (webtiles) character file.

459 BigChef the Slasher (level 6, 0/44 HPs)
             Began as a Demonspawn Chaos Knight on Sept 3, 2018.
             Slain by a scorpion (3 damage)
             ... on level 4 of the Dungeon.
             The game lasted 00:05:53 (2847 turns).

BigChef the Slasher (Demonspawn Chaos Knight)       Turns: 2847, Time: 00:05:54

Health: 0/44       AC: 16    Str: 14    XL:     6   Next: 78%
Magic:  6/6        EV:  1    Int: 13    God:    Xom [...*..]
Gold:   99         SH:  7    Dex: 13    Spells: 5/5 levels left

rFire    . . .     SeeInvis .   a - +1 falchion (chaos)
rCold    + . .     Gourm    .   p - +0 shield
rNeg     + . .     Faith    .   g - +4 plate armour
rPois    .         Spirit   .   (no helmet)
rElec    .         Reflect  .   (no cloak)
rCorr    .         Harm     .   (no gloves)
MR       .....                  s - +0 pair of boots
Stlth    ..........             (no amulet)
HPRegen  0.14/turn              l - ring of positive energy
MPRegen  0.10/turn              (no ring)

@: no status effects
A: hooves 1, cold resistance 1, frail 1, high mp 1, freezing cloud immunity
a: Renounce Religion


You were on level 4 of the Dungeon.
You worshipped Xom.
You were a favourite toy of Xom.
You were hungry.

You visited 1 branch of the dungeon, and saw 4 of its levels.

You collected 99 gold pieces.

Inventory:

Hand Weapons
 a - a +1 falchion of chaos (weapon)
Armour
 b - a +2 leather armour
 g - a +4 plate armour (worn)
 p - a +0 shield (worn)
 q - the +0 robe of Snakes and Ladders {rC- Str+8 Dex-5}
   (Xom gifted it to you on level 3 of the Dungeon)

   It affects your strength (+8).
   It affects your dexterity (-5).
   It makes you vulnerable to cold.
 s - a +0 pair of boots (worn)
Jewellery
 l - a ring of positive energy (left hand)
Scrolls
 d - 3 scrolls of identify
 n - 2 scrolls of teleportation
 o - a scroll of enchant armour {unknown}
 r - a scroll of blinking {unknown}
 t - a scroll of fear {unknown}
 u - a scroll of remove curse
 v - a scroll of amnesia {unknown}
Potions
 f - 2 potions of curing
 h - a potion of haste
 i - 3 potions of flight {unknown}
 j - a potion of lignification {unknown}
 m - a potion of agility {unknown}
Comestibles
 c - 5 rations


   Skills:
 + Level 4.6 Fighting
 + Level 5.1 Long Blades
 + Level 3.2 Armour
 + Level 1.8 Dodging
 + Level 0.2 Stealth
 + Level 0.5 Shields


You had 5 spell levels left.
You didn't know any spells.
Your spell library was empty.

Dungeon Overview and Level Annotations

Branches:
Dungeon (4/15)
 Temple: D:4-7

Altars:
Makhleb
Nemelex Xobeh
Uskayaw
Zin


Innate Abilities, Weirdness & Mutations

Your flesh is cold resistant. (rC+)
You are immune to freezing clouds.
You have large cloven feet.
You are frail. (-10% HP)
You have an increased reservoir of magic. (+10% MP)


Message History

You feel sick. The scorpion stings you.
You are lethally poisoned!
The scorpion poisons you! The scorpion stings you.
* * * LOW HITPOINT WARNING * * *
You are more poisoned.
The scorpion poisons you!
You feel better. The scorpion stings you!
* * * LOW HITPOINT WARNING * * *
Your shield and plate armour prevent you from hitting the scorpion.
The scorpion is heavily wounded.
The scorpion stings you.
* * * LOW HITPOINT WARNING * * *
Your shield and plate armour prevent you from hitting the scorpion.
The scorpion is heavily wounded.
The scorpion stings you but does no damage.
You hit the scorpion.
The scorpion appears confused.
The scorpion is severely wounded.
The scorpion stings you.
You die... "I guess I need a new plaything now."

>................................
.#.................)......##....#
.#.#############..........##....#
...####....#####.###########....#
.#....#.##.......########...#####
.................................
##.##.#....##############...#####
#....###.###....# #...#
#..#......##.##@# #...#
#.........##.##s############ ###
#.#..<###.##.##.......# #..
#...### #....#........# #.#
####.### ######..†.[...# .......#
#.........
.......########........#
.............##..(......
......######.#######....


You could see a scorpion (confused).

Vanquished Creatures
  An ogre (D:4)
  2 big kobolds (D:3)
  An iguana (D:4)
  A worker ant (D:4)
  Robin (D:3)
  6 adders
  A river rat (D:1)
  An ooze (D:1)
  3 dart slugs
  3 leopard geckos (D:1)
  12 goblins
  11 hobgoblins
  8 jackals
  10 kobolds
  A quokka (D:3)
  4 ball pythons
  5 bats
  9 frilled lizards
  A leopard gecko skeleton (D:4)
  6 rats
87 creatures vanquished.

Vanquished Creatures (collateral kills)
  Jessica (D:3)
  An adder (D:3)
  A leopard gecko (D:3)
  3 goblins (D:3)
  A hobgoblin (D:3)
7 creatures vanquished.

Grand Total: 94 creatures vanquished

Notes
Turn   | Place    | Note
-------+----------+-------------------------------------------
     0 | D:1      | BigChef the Demonspawn Chaos Knight began the quest for the Orb.
     0 | D:1      | Reached XP level 1. HP: 18/18 MP: 1/1
    11 | D:1      | XOM: divination: detect items
    49 | D:1      | Reached skill level 1 in Dodging
   133 | D:1      | Gained mutation: Your flesh is cold resistant. (rC+) [demonic ancestry]
   133 | D:1      | Reached XP level 2. HP: 22/24 MP: 2/2
   202 | D:1      | XOM: divination: detect creatures
   236 | D:1      | Reached skill level 3 in Long Blades
   243 | D:1      | Gained mutation: You are immune to freezing clouds. [demonic ancestry]
   243 | D:1      | Reached XP level 3. HP: 21/29 MP: 3/3
   289 | D:1      | XOM: smoke on damage
   336 | D:1      | XOM: silly message
   757 | D:1      | Gained mutation: You are frail. (-10% HP) [potion of mutation]
   757 | D:1      | Gained mutation: You have an increased reservoir of magic. (+10% MP) [potion of mutation]
   757 | D:1      | Gained mutation: You have large cloven feet. [potion of mutation]
   916 | D:2      | Reached XP level 4. HP: 32/33 MP: 4/4
  1062 | D:2      | Found a burning altar of Makhleb.
  1068 | D:2      | Found a glowing silver altar of Zin.
  1069 | D:2      | Noticed a green death
  1069 | D:2      | Noticed an angel
  1106 | D:2      | Found a sparkling altar of Nemelex Xobeh.
  1383 | D:3      | XOM: harmless Hex miscast
  1421 | D:3      | Found a hide-covered altar of Uskayaw.
  1458 | D:3      | Noticed Jessica
  1460 | D:3      | Killed Jessica
  1470 | D:3      | XOM: mild Ice miscast
  1476 | D:3      | Reached XP level 5. HP: 33/37 MP: 5/5
  1540 | D:3      | Reached skill level 4 in Long Blades
  1557 | D:3      | Noticed Robin
  1563 | D:3      | Killed Robin
  1752 | D:3      | XOM: mild Ice miscast
  1769 | D:3      | XOM: divination: detect items
  1881 | D:3      | XOM: god gift: ichor-stained robe {god gift}
  1882 | D:3      | Got an ichor-stained robe {god gift}
  1893 | D:3      | Identified the +0 robe of Snakes and Ladders {rC- Str+8 Dex-5} (Xom gifted it to you on level 3 of the Dungeon)
  1977 | D:3      | XOM: god gift: scroll labeled ZUKHOU NURUORPH {god gift}
  2228 | D:3      | XOM: smoke on damage
  2230 | D:3      | Reached XP level 6. HP: 38/44 MP: 6/6
  2239 | D:3      | XOM: god gift: pair of boots {god gift}
  2325 | D:4      | XOM: summons friendly crimson imp
  2624 | D:4      | XOM: confuse monster(s)
  2675 | D:4      | XOM: enchant monster (bad)
  2694 | D:4      | Reached skill level 5 in Long Blades
  2830 | D:4      | XOM: enchant monster (good)
  2840 | D:4      | XOM: enchant monster (bad)
  2847 | D:4      | Slain by a scorpion

Skill      XL: |  1  2  3  4  5  6 |
---------------+-------------------+-----
Dodging        | 1 |  1.8
Armour         | 2 3 |  3.2
Long Blades    | 3 4 5 |  5.1
Fighting       | 4 |  4.6
Stealth        | |  0.2
Shields        | |  0.5

Action                   |  1- 3 |  4- 6 || total
-------------------------+-------+-------++-------
Melee: Falchion          |   127 |   188 ||   315
       Kick              |     7 |    26 ||    33
  Use: Potion            |     5 |     5 ||    10
       Scroll            |     3 |     2 ||     5
 Stab: Distracted        |       |     1 ||     1
       Paralysed         |       |     1 ||     1
  Eat: Chunk             |       |     6 ||     6
Armor: Leather armour    |    11 |       ||    11
       Plate armour      |   107 |   146 ||   253
       Robe              |       |     3 ||     3
Dodge: Dodged            |    43 |    28 ||    71
Block: Shield            |       |    30 ||    30
       Rpst.: Falchion   |    14 |     8 ||    22
